 Dungeon Crawl Stone Soup version 0.31-a0-344-gd109795 (webtiles) character file.

Game seed: 712155862515184078

169 Cunctator the Slasher (level 5, -6/47 HPs)
             Began as a Gnoll Cinder Acolyte on July 22, 2023.
             Was a High Priest of Ignis.
             Mangled by Edmund
             ... wielding a +0 flail of holy wrath
              (11 damage)
             ... on level 4 of the Dungeon.
             The game lasted 00:07:07 (3371 turns).

Cunctator the Slasher (Gnoll Cinder Acolyte)        Turns: 3371, Time: 00:07:08

Health: -6/47      AC:  2    Str: 13    XL:     5   Next: 50%
Magic:  0/9        EV: 11    Int: 15    God:    Ignis [*****.]
Gold:   265        SH:  0    Dex:  8    Spells: 7/10 levels left

rFire   + + .        a - -1 falchion (flame)
rCold   . . .        (no shield)
rNeg    . . .        b - +0 robe
rPois   .            (no helmet)
rElec   .            (no cloak)
rCorr   .            (no gloves)
SInv    .            (no boots)
Will    .....        (no amulet)
Stlth   +            r - ring of protection from fire
HPRegen 0.27/turn    (no ring)
MPRegen 0.11/turn

%: no passive effects
@: very slightly contaminated
A: fangs 1, strong nose, distributed training, no potion heal 1
a: Renounce Religion, Fiery Armour, Foxfire Swarm, Rising Flame


You were on level 4 of the Dungeon.
You worshipped Ignis.
Ignis was extremely pleased with you.
You visited 1 branch of the dungeon, and saw 4 of its levels.

You collected 265 gold pieces.

Inventory:

Hand Weapons
 a - a -1 falchion of flaming (weapon)
Missiles
 d - 3 poisoned darts
 p - 20 stones
 s - 3 javelins
Armour
 b - a +0 robe (worn)
Jewellery
 e - a ring of fire
 r - a ring of protection from fire (left hand)
Wands
 o - a wand of polymorph (12)
Scrolls
 c - 2 scrolls of teleportation {unknown}
 f - a scroll of torment {unknown}
 g - a scroll of poison {unknown}
 i - 3 scrolls of identify
 k - 4 scrolls of noise {unknown}
 l - a scroll of fog {unknown}
 n - 2 scrolls of blinking {unknown}
Potions
 h - 2 potions of heal wounds
 j - a potion of lignification {unknown}
 m - a potion of curing
 q - a potion of mutation


   Skills:
 + Level 6.7 Fighting
 + Level 1.5 Short Blades
 + Level 6.7 Long Blades
 + Level 1.5 Axes
 + Level 1.5 Maces & Flails
 + Level 1.5 Polearms
 + Level 1.5 Staves
 + Level 1.5 Ranged Weapons
 + Level 1.5 Throwing
 + Level 1.5 Armour
 + Level 1.5 Dodging
 + Level 1.5 Stealth
 + Level 1.5 Shields
 + Level 1.5 Unarmed Combat
 + Level 3.2 Spellcasting
 + Level 1.2 Conjurations
 + Level 1.2 Hexes
 + Level 1.2 Summonings
 + Level 1.2 Necromancy
 + Level 1.2 Translocations
 + Level 1.2 Transmutations
 + Level 5.5 Fire Magic
 + Level 1.2 Ice Magic
 + Level 1.2 Air Magic
 + Level 1.2 Earth Magic
 + Level 1.2 Poison Magic
 + Level 1.7 Invocations
 + Level 1.5 Evocations
 + Level 1.2 Shapeshifting


You had 7 spell levels left.
You knew the following spells:

 Your Spells              Type           Power      Damage    Failure   Level
a - Scorch                Fire           38%        2d6       3%          2
b - Apportation           Tloc           12%        N/A       12%         1

Your spell library contained the following spells:

 Spells                   Type           Power      Damage    Failure   Level
 Alistair's Intoxication  Tmut/Pois      4%         N/A       97%         5


Dungeon Overview and Level Annotations

Branches:
Dungeon (4/15)
 Temple: D:4-7

Altars:
Dithmenos

Annotations:
D:4 Edmund


Innate Abilities, Weirdness & Mutations

You have very sharp teeth.
Your uncanny sense of smell can sniff out nearby items.
Your experience applies equally to all skills.
Potions are less effective at restoring your health.


Message History

Edmund hits you with a +0 flail of holy wrath.
Casting: Scorch (safe; 3% risk of failure)
Press: ? - help, Q - select action, (/) - cycle Dir - look around, f - activate Flames lash Edmund.
Edmund is burned terribly!
Edmund is moderately wounded.
Edmund hits you with a +0 flail of holy wrath!
You barely miss Edmund.
Edmund is moderately wounded.
Edmund closely misses you.
You hit Edmund. You burn Edmund.
Edmund is moderately wounded.
Edmund barely misses you.
You barely miss Edmund.
Edmund is moderately wounded.
Edmund hits you with a +0 flail of holy wrath!
You hit Edmund but do no damage.
Edmund is moderately wounded.
Edmund barely misses you.
You barely miss Edmund.
Edmund is moderately wounded.
Edmund says, "I might not be good at magic, but I can still kill you!"
Edmund hits you with a +0 flail of holy wrath!
It was a potion of curing.
You feel better.
Edmund hits you with a +0 flail of holy wrath!
It was a potion of mutation.
You feel extremely strange.
Your system partially rejects the healing effects of potions.
Edmund hits you with a +0 flail of holy wrath!
* * * LOW HITPOINT WARNING * * *
Casting: Scorch (safe; 3% risk of failure)
Press: ? - help, Q - select action, (/) - cycle Dir - look around, f - activate You miscast Scorch.
You are very lightly contaminated with residual magic.
Nothing appears to happen.
Edmund hits you with a +0 flail of holy wrath!
* * * LOW HITPOINT WARNING * * *
As you read the scroll labelled PACOEL QEORIN, it crumbles to dust.
It is a scroll of identify.
h - 2 potions of heal wounds Edmund hits you with a +0 flail of holy wrath!
You die...

##### ######
#####..)## #....#
#........# #.##.#
#.#.#....#
#.##.#####.#.##.#.#
...........#.##...#
#.###..###.#.###@.#
..###..###.#.###@.#
...........#......#
.###############.###
## . #.. ..... .##..
#.# .#..# .....
#.##.#..# .##.
#.##....# .# . #<#
.##.#.#


You could see Edmund (combustible).

Vanquished Creatures
  A scorpion (D:4)
  Terence (D:2)
  3 adders (D:3)
  A worm (D:3)
  A dart slug (D:1)
  2 orcs (D:4)
  8 ball pythons
  5 endoplasms
  2 giant cockroaches
  4 goblins
  4 hobgoblins
  3 quokkas
  4 bats
  2 frilled lizards
  4 kobolds
  5 rats
50 creatures vanquished.

Notes
Turn   | Place    | Note
-------+----------+-------------------------------------------
     0 | D:1      | Cunctator the Gnoll Cinder Acolyte began the quest for the
                  | Orb.
     0 | D:1      | Reached XP level 1. HP: 23/23 MP: 4/4
   157 | D:1      | Reached XP level 2. HP: 29/29 MP: 5/5
   241 | D:1      | Learned a level 2 spell: Scorch
   766 | D:1      | Learned a level 1 spell: Apportation
   937 | D:2      | Reached XP level 3. HP: 34/35 MP: 7/7
  1383 | D:2      | Noticed Terence
  1393 | D:2      | Killed Terence
  1394 | D:2      | Reached skill level 1 in Short Blades
  1394 | D:2      | Reached skill level 1 in Axes
  1394 | D:2      | Reached skill level 1 in Maces & Flails
  1394 | D:2      | Reached skill level 1 in Polearms
  1394 | D:2      | Reached skill level 1 in Staves
  1394 | D:2      | Reached skill level 1 in Ranged Weapons
  1394 | D:2      | Reached skill level 1 in Throwing
  1394 | D:2      | Reached skill level 1 in Armour
  1394 | D:2      | Reached skill level 1 in Dodging
  1394 | D:2      | Reached skill level 1 in Stealth
  1394 | D:2      | Reached skill level 1 in Shields
  1394 | D:2      | Reached skill level 1 in Unarmed Combat
  1394 | D:2      | Reached skill level 1 in Invocations
  1394 | D:2      | Reached skill level 1 in Evocations
  1394 | D:2      | Reached XP level 4. HP: 21/41 MP: 1/8
  2194 | D:3      | Found a shadowy altar of Dithmenos.
  2478 | D:3      | Reached skill level 1 in Conjurations
  2478 | D:3      | Reached skill level 1 in Hexes
  2478 | D:3      | Reached skill level 1 in Summonings
  2478 | D:3      | Reached skill level 1 in Necromancy
  2478 | D:3      | Reached skill level 1 in Translocations
  2478 | D:3      | Reached skill level 1 in Transmutations
  2478 | D:3      | Reached skill level 1 in Ice Magic
  2478 | D:3      | Reached skill level 1 in Air Magic
  2478 | D:3      | Reached skill level 1 in Earth Magic
  2478 | D:3      | Reached skill level 1 in Poison Magic
  2478 | D:3      | Reached skill level 1 in Shapeshifting
  2892 | D:4      | Noticed a scorpion
  2906 | D:4      | Killed a scorpion
  2907 | D:4      | Reached XP level 5. HP: 11/47 MP: 2/9
  3062 | D:4      | Noticed a black bear
  3101 | D:4      | Noticed Edmund
  3369 | D:4      | Gained mutation: Potions are less effective at restoring
                  | your health. [potion of mutation]
  3371 | D:4      | Mangled by Edmund

Illustrated notes

Levels and vault maps discovered:
D:1:      amcnicky_arrival_choice, layout_loops_corners
D:2:      layout_basic, kennysheep_generic_room_9, uniq_terence
D:3:      layout_loops_ring, overflow_temple_1_default
D:4:      layout_loops_cross, nicolae_hepliaklqana_monster_ancestors,
          kiku_gazebo_pond_becter, uniq_sigmund, uniq_edmund

Skill      XL: |  1  2  3  4 |
---------------+-------------+-----
Short Blades   | 1 |  1.5
Axes           | 1 |  1.5
Maces & Flails | 1 |  1.5
Polearms       | 1 |  1.5
Staves         | 1 |  1.5
Ranged Weapons | 1 |  1.5
Throwing       | 1 |  1.5
Armour         | 1 |  1.5
Dodging        | 1 |  1.5
Stealth        | 1 |  1.5
Shields        | 1 |  1.5
Unarmed Combat | 1 |  1.5
Invocations    | 1 |  1.7
Evocations     | 1 |  1.5
Spellcasting   | 3 |  3.2
Conjurations   | 1 |  1.2
Hexes          | 1 |  1.2
Summonings     | 1 |  1.2
Necromancy     | 1 |  1.2
Translocations | 1 |  1.2
Transmutations | 1 |  1.2
Ice Magic      | 1 |  1.2
Air Magic      | 1 |  1.2
Earth Magic    | 1 |  1.2
Poison Magic   | 1 |  1.2
Shapeshifting  | 1 |  1.2
Fighting       | |  6.7
Long Blades    | |  6.7
Fire Magic     | |  5.5

Action                     |  1- 3 |  4- 6 || total
---------------------------+-------+-------++-------
  Melee: Falchion          |    66 |    68 ||   134
         Bite              |     5 |     8 ||    13
         Punch             |     2 |       ||     2
   Cast: Scorch            |     5 |    21 ||    26
    Use: Potion            |       |     2 ||     2
         Scroll            |       |     1 ||     1
   Stab: Sleeping          |       |     1 ||     1
 Armour: Robe              |     9 |    11 ||    20
  Dodge: Dodged            |    42 |    39 ||    81

Table legend: (Time is in decaauts)
 A = Elapsed time spent in this place.
 B = Non-inter-level travel time spent in this place.
 C = Inter-level travel time spent in this place.
 D = Time resting spent in this place.
 E = Time spent auto-exploring this place.
 F = Levels seen in this place.
 G = Mean time per level.
                   A        B        C        D        E       F      G
               +--------+--------+--------+--------+--------+-----+--------+
         Total |   3367 |   3169 |    198 |    255 |   2472 |   4 |  841.8 |
       Dungeon |   3367 |   3169 |    198 |    255 |   2472 |   4 |  841.8 |
               +--------+--------+--------+--------+--------+-----+--------+

Top non-repeatable levels by time:
     D:3: 1115 daAuts
     D:2: 956 daAuts
     D:1: 927 daAuts
     D:4: 368 daAuts
